 Dungeon Crawl Stone Soup version 0.23.2-1-ga50397a (webtiles) character file.

Game seed: 17721061359430230211

643 MalarOregon the Ruffian (level 7, 0/59 HPs)
             Began as a Ghoul Warper on June 2, 2019.
             Slain by a killer bee (5 damage)
             ... on level 7 of the Dungeon.
             The game lasted 00:07:55 (4825 turns).

MalarOregon the Ruffian (Ghoul Warper)              Turns: 4825, Time: 00:07:56

Health: 0/59       AC:  5    Str: 15    XL:     7   Next: 51%
Magic:  8/8        EV: 13    Int:  9    God:
Gold:   209        SH:  0    Dex: 13    Spells: 7/9 levels left

rFire    + . .     SeeInvis .     - Unarmed
rCold    . . .     Gourm    .   (no shield)
rNeg     + + +     Faith    .   a - +0 leather armour
rPois    ∞         Spirit   .   l - +0 helmet
rElec    .         Reflect  .   (no cloak)
rCorr    .         Harm     .   o - +0 pair of gloves
MR       .....                  (no boots)
Stlth    +.........             (no amulet)
HPRegen  0.00/turn              m - ring of fire
MPRegen  0.11/turn              r - +4 ring of dexterity

@: rotting
A: rotting body, claws 1, carnivore, cold resistance 1, negative energy
resistance 3, inhibited regeneration, torment resistance, unbreathing
a: no special abilities


You were on level 7 of the Dungeon.
You were not hungry.

You visited 1 branch of the dungeon, and saw 6 of its levels.
You also visited: Bailey.

You collected 209 gold pieces.

Inventory:

Missiles
 d - 5 tomahawks of dispersal (quivered) {!f}
 k - a throwing net {!f}
Armour
 a - a +0 leather armour (worn)
 l - a +0 helmet (worn)
   (You found it on level 2 of the Dungeon)
 o - a +0 pair of gloves (worn)
   (You found it on level 5 of the Dungeon)
Jewellery
 m - a ring of fire (left hand)
   (You found it on level 2 of the Dungeon)
 r - a +4 ring of dexterity (right hand)
   (You found it on level 3 of the Dungeon)
Scrolls
 b - 5 scrolls of identify {@r1}
 c - 2 scrolls of blinking
 g - a scroll of teleportation {@r4}
 h - a scroll of fog
 p - 3 scrolls of remove curse {@r2}
Comestibles
 e - 9 rations {!d}
 f - 5 chunks of flesh


   Skills:
 - Level 4.1 Fighting
 - Level 0.8 Throwing
 - Level 0.8 Armour
 - Level 4.1 Dodging
 + Level 6.8 Unarmed Combat
 - Level 1.7 Spellcasting
 - Level 2.6 Translocations


You had 7 spell levels left.
You knew the following spells:

 Your Spells              Type           Power        Failure   Level  Hunger
b - Blink                 Tloc           N/A          22%         2    ###....

Your spell library contained the following spells:

 Spells                   Type           Power        Failure   Level  Hunger
 Shroud of Golubria       Chrm/Tloc      #.........   36%         2    ###....
 Gell's Gravitas          Tloc           #.........   38%         3    ####...
 Lesser Beckoning         Tloc           #.........   38%         3    ####...
 Teleport Other           Tloc           #.......     38%         3    ####...
 Passage of Golubria      Tloc           N/A          80%         4    #####..


Dungeon Overview and Level Annotations

Branches:
Dungeon (5/15)
 Temple: D:4-7

Altars:
Kikubaaqudgha
Nemelex Xobeh
Ru
Yredelemnul


Innate Abilities, Weirdness & Mutations

Your body is rotting away.
You thrive on raw meat.
You are immune to poison.
You have sharp fingernails.
You are carnivorous and can eat meat at any time.
Your flesh is cold resistant. (rC+)
You are immune to negative energy. (rN+++)
You do not regenerate when monsters are visible.
You are immune to unholy pain and torment.
You can survive without breathing.


Message History

The adder hisses angrily.
There is a flagged portal here.
The killer bee stings you!
The killer bee stings you but does no damage.
The killer bee closely misses you.
The world spins around you as you enter the gateway.
You enter a bailey! 4 orcs and a centaur come into view.
The orc shouts! x2; The centaur shouts!
The orc shouts!
Found two gates leading back out of this place.
There is an empty arch of ancient stone here.
As you read the scroll of fog, it crumbles to dust.
The scroll dissolves into smoke.
The centaur throws a javelin of returning.
The javelin of returning barely misses you.
The weapon returns to the centaur!
As you read the scroll labeled AKHLAM MOUMI, it crumbles to dust.
You feel aware of your surroundings.
It was a scroll of magic mapping.
As you read the scroll labeled JOLACVUPNURGH, it crumbles to dust.
The air around you briefly surges with heat, but it dissipates.
It was a scroll of immolation.
You aren't carrying any items that you can evoke.
It was a potion of lignification.
You feel woody for a moment.
There is a gate leading back out of this place here.
A centaur comes into view. It is wielding a +0 halberd.
The centaur throws a javelin of returning.
The javelin of returning hits you!
The weapon returns to the centaur!
The centaur throws a javelin of returning.
The javelin of returning hits you.
Found 40 gold pieces.
You aren't carrying any potions.
Sorry, you're not good enough to have a special ability.
There is a gate leading back out of this place here.
The centaur throws a javelin of returning.
The javelin of returning misses you.
The weapon returns to the centaur!
The centaur throws a javelin of returning.
The javelin of returning hits you!
* * * LOW HITPOINT WARNING * * *
The weapon returns to the centaur!
Welcome back to the Dungeon!
The killer bee closely misses you. The killer bee stings you.
* * * LOW HITPOINT WARNING * * *
The killer bee stings you!
* * * LOW HITPOINT WARNING * * *
The killer bee closely misses you. x2; The killer bee barely misses you.
The killer bee completely misses you. The killer bee barely misses you.
The hungry ghost hits you.
* * * LOW HITPOINT WARNING * * *
The killer bee stings you.
You die...

#. . #( ..# ..
#. ....# .###.
....
..#.####...
#.....#.#
#..).S..#
..##.y@yS..#
......Wyy..#...
.......h..##
..........#
#.......###
#.......#
#.......#
#.......#
.......


You could see a hungry ghost, a hound, 4 killer bees and 2 adders.

Vanquished Creatures
  A scorpion (D:4)
  A crimson imp (D:5)
  4 orc priests (D:4)
  A hound (D:5)
  An iguana (D:4)
  2 orc wizards (D:4)
  4 worker ants
  3 gnolls (D:4)
  2 howler monkey skeletons (D:5)
  4 adders
  A shadow imp (D:5)
  3 oozes
  2 worms
  5 dart slugs
  8 leopard geckos
  13 orcs
  5 giant cockroaches
  4 goblins
  8 hobgoblins
  7 jackals (D:1)
  9 kobolds
  5 quokkas
  5 bats
  5 frilled lizards
  11 rats
114 creatures vanquished.

Notes
Turn   | Place    | Note
-------+----------+-------------------------------------------
     0 | D:1      | MalarOregon the Ghoul Warper began the quest for the Orb.
     0 | D:1      | Reached XP level 1. HP: 17/17 MP: 2/2
   391 | D:1      | Reached skill level 3 in Unarmed Combat
   391 | D:1      | Reached XP level 2. HP: 22/24 MP: 3/3
   548 | D:1      | Reached XP level 3. HP: 23/29 MP: 4/4
   815 | D:1      | Reached skill level 4 in Unarmed Combat
  1277 | D:2      | Reached XP level 4. HP: 24/36 MP: 5/5
  2136 | D:3      | Reached skill level 5 in Unarmed Combat
  2324 | D:3      | Reached XP level 5. HP: 35/41 MP: 6/6
  2662 | D:3      | Found an ancient bone altar of Kikubaaqudgha.
  2924 | D:3      | Reached skill level 6 in Unarmed Combat
  3614 | D:4      | Reached XP level 6. HP: 51/52 MP: 7/7
  3768 | D:4      | Learned a level 2 spell: Blink
  4008 | D:4      | Reached XP level 7. HP: 42/59 MP: 8/8
  4290 | D:5      | Entered Level 5 of the Dungeon
  4620 | D:5      | Found a sparkling altar of Nemelex Xobeh.
  4620 | D:5      | Found a sacrificial altar of Ru.
  4620 | D:5      | Found a basalt altar of Yredelemnul.
  4812 | D:5      | You fall through a shaft for 2 floors!
  4812 | D:7      | Found a flagged portal.
  4813 | D:7      | Noticed a hungry ghost
  4816 | Bailey   | Entered a bailey
  4825 | D:7      | Slain by a killer bee

Skill      XL: |  1  2  3  4  5  6  7 |
---------------+----------------------+-----
Unarmed Combat | 3 4 5 6 |  6.8
Fighting       | 3 4 |  4.1
Dodging        | 3 4 |  4.1
Throwing       | |  0.8
Armour         | |  0.8
Spellcasting   | |  1.7
Translocations | |  2.6

Action                   |  1- 3 |  4- 6 |  7- 9 || total
-------------------------+-------+-------+-------++-------
Melee: Unarmed           |   132 |   218 |    86 ||   436
       Punch             |     1 |     4 |     5 ||    10
  Use: Scroll            |       |     7 |     3 ||    10
       Potion            |       |     4 |     1 ||     5
 Stab: Sleeping          |       |     1 |       ||     1
  Eat: Chunk             |     8 |    20 |     7 ||    35
Armor: Leather armour    |    37 |    33 |    20 ||    90
Dodge: Dodged            |    85 |   110 |    68 ||   263
